 Dungeon Crawl Stone Soup version 0.30-a0-269-gf0224bf7b6 (webtiles) character file.

Game seed: 9207596567669284198

44 themarg the Trooper (level 3, -1/36 HPs)
             Began as a Minotaur Monk on Oct 14, 2022.
             Slain by a gnoll
             ... wielding a +0 halberd
              (5 damage)
             ... on level 2 of the Dungeon.
             The game lasted 00:02:21 (1136 turns).

themarg the Trooper (Minotaur Monk)                 Turns: 1136, Time: 00:02:21

Health: -1/36      AC:  2    Str: 17    XL:     3   Next: 41%
Magic:  2/2        EV: 13    Int:  7    God:
Gold:   44         SH:  0    Dex: 12    Spells: 2/2 levels left

rFire   . . .      SeeInvis .    a - +0 hand axe
rCold   . . .      Faith    .    (no shield)
rNeg    . . .      Spirit   .    b - +0 robe
rPois   .          Reflect  .    (helmet restricted)
rElec   .          Harm     .    (no cloak)
rCorr   .          Rampage  .    (no gloves)
Will    .....                    (no boots)
Stlth   ++........               (no amulet)
HPRegen 0.26/turn                (no ring)
MPRegen 0.08/turn                (no ring)

@: no status effects
A: horns 2, retaliatory headbutt
a: no special abilities


You were on level 2 of the Dungeon.
You visited 1 branch of the dungeon, and saw 2 of its levels.

You collected 44 gold pieces.

Inventory:

Hand Weapons
 a - a +0 hand axe (weapon)
Missiles
 d - 12 stones (quivered)
Armour
 b - a +0 robe (worn)
 g - a +0 buckler
Potions
 c - 2 potions of ambrosia
 e - 2 potions of flight {unknown}
 f - a potion of might {unknown}


   Skills:
 * Level 5.0 Fighting
 - Level 3.7 Axes
 - Level 3.4 Dodging
 - Level 2.0 Stealth


You had 2 spell levels left.
You didn't know any spells.
Your spell library was empty.

Dungeon Overview and Level Annotations

Branches:
Dungeon (2/15)

Altars:


Innate Abilities, Weirdness & Mutations

You have a pair of horns on your head.
You reflexively headbutt those who attack you in melee.


Message History

A worm comes into view.
A gnoll and a rat come into view.
The gnoll moves out of view.
A gnoll and a quokka come into view.
Found three items.
The gnoll misses you.
The gnoll shouts!
You hit the gnoll.
The gnoll is heavily wounded.
The gnoll closely misses you. You furiously retaliate!
You headbutt the gnoll!
You kill the gnoll!
A worm comes into view.
The quokka barely misses you. You furiously retaliate!
You headbutt the quokka!
You kill the quokka!
You have reached level 3!
Your experience leads to an increase in your attributes!
Increase (S)trength, (I)ntelligence, or (D)exterity?
You feel stronger. x2
You hit the rat.
You kill the rat!
You hit the gnoll. You headbutt the gnoll.
The gnoll is heavily wounded.
A gnoll comes into view. It is wielding a +0 spear.
The gnoll hits you with a +0 club.
The gnoll shouts!
You hit the gnoll. You headbutt the gnoll.
You kill the gnoll!
The gnoll hits you from afar with a +0 halberd.
Your Fighting skill increases to level 5!
The gnoll barely misses you. You furiously retaliate!
You headbutt the gnoll!
Things that are here:
a +0 club; a +0 flail You barely miss the gnoll.
Your headbutt misses the gnoll.
The gnoll is heavily wounded.
The gnoll hits you from afar with a +0 spear.
The gnoll hits you with a +0 halberd!
* * * LOW HITPOINT WARNING * * *
The gnoll hits you from afar with a +0 spear.
* * * LOW HITPOINT WARNING * * *
The gnoll hits you with a +0 halberd.
You die...

#..<..#.#
#####.#.#
..#.#.# #$#.#.#
♣###.#.#.#
♣..†...#?# #
≈~P~###.#.#†##.#
≈~ #.#..†...#
#.###@##.... #.#
#g# . #.#


.wg #.#..... #.......w .#.....#. #.##.$.##.. # ##.## .# You could see 2 worms
and 2 gnolls.

Vanquished Creatures
  2 gnolls (D:2)
  A worm (D:2)
  A dart slug (D:1)
  4 ball pythons (D:1)
  3 bats (D:1)
  2 giant cockroaches (D:1)
  2 goblins (D:1)
  A hobgoblin (D:1)
  A quokka (D:2)
  A frilled lizard (D:1)
  A kobold (D:1)
  2 rats
21 creatures vanquished.

Notes
Turn   | Place    | Note
-------+----------+-------------------------------------------
     0 | D:1      | themarg the Minotaur Monk began the quest for the Orb.
     0 | D:1      | Reached XP level 1. HP: 19/19 MP: 0/0
   353 | D:1      | Reached XP level 2. HP: 26/27 MP: 1/1
   442 | D:1      | Found a faded altar of an unknown god.
   449 | D:1      | Reached skill level 4 in Fighting
  1132 | D:2      | Reached XP level 3. HP: 34/34 MP: 2/2
  1135 | D:2      | Reached skill level 5 in Fighting
  1136 | D:2      | Slain by a gnoll

Illustrated notes

Levels and vault maps discovered:
D:1:      elethiomel_arrival_maze, layout_basic,
          shapermc_ecumenical_altar_notcrosses
D:2:      layout_loops_ring, serial_bayou_ford_a, minmay_goblin_kobold_house,
          uniq_jessica, uniq_terence, uniq_natasha, uniq_crazy_yiuf_cottage

Skill      XL: |  1  2  3 |
---------------+----------+-----
Fighting       | 4 5 |  5.0
Stealth        | 2 |  2.0
Axes           | |  3.7
Dodging        | |  3.4

Action                   || total
-------------------------++-------
Melee: Hand axe          ||    42
       Headbutt          ||     5
 Stab: Sleeping          ||     1
Armor: Robe              ||     7
Dodge: Dodged            ||    32

Table legend: (Time is in decaauts)
 A = Elapsed time spent in this place.
 B = Non-inter-level travel time spent in this place.
 C = Inter-level travel time spent in this place.
 D = Time resting spent in this place.
 E = Time spent auto-exploring this place.
 F = Levels seen in this place.
 G = Mean time per level.
                   A        B        C        D        E       F      G
               +--------+--------+--------+--------+--------+-----+--------+
         Total |   1140 |   1085 |     55 |      0 |    958 |   2 |  570.0 |
       Dungeon |   1140 |   1085 |     55 |      0 |    958 |   2 |  570.0 |
               +--------+--------+--------+--------+--------+-----+--------+

Top non-repeatable levels by time:
     D:1: 1117 daAuts
     D:2: 23 daAuts
